 Dungeon Crawl Stone Soup version 0.26-a0-1012-gedcf9b2963 (webtiles) character file.

Game seed: 2296733720360986394

20263 Ijustatesigmund the Cleaver (level 12, -11/90 HPs)
             Began as an Octopode Fighter on Dec 7, 2020.
             Was a Priest of Cheibriados.
             Mangled by a seven-headed hydra (15 damage)
             ... on level 11 of the Dungeon.
             The game lasted 00:31:28 (11766 turns).

Ijustatesigmund the Cleaver (Octopode Fighter)     Turns: 11766, Time: 00:31:30

Health: -11/90     AC:  7    Str: 24    XL:     12   Next: 77%
Magic:  13/17      EV: 19    Int: 25    God:    Cheibriados [***...]
Gold:   1976       SH: 19    Dex: 23    Spells: 11/11 levels left

rFire    . . .     SeeInvis .   a - +0 war axe (flame)
rCold    . . .     Faith    .   b - +1 kite shield
rNeg     . . .     Spirit   .   (helmet restricted)
rPois    +         Reflect  +   v - amulet of reflection
rElec    .         Harm     .   e - ring of flight
rCorr    .         Rampage  .   k - +6 ring of intelligence
Will     +....                  o - ring of willpower
Stlth    +++.......             u - ring of poison resistance
HPRegen  0.65/turn              z - +4 ring of protection
MPRegen  0.15/turn              (no ring)
                                (no ring)
                                (no ring)

@: very slow
A: almost no armour, stealthy swim, amphibious, 8 rings, constrict 8, yellow
scales 1, camouflage 1, regeneration 1, screaming 1, gelatinous body 1
a: Bend Time, Temporal Distortion, Renounce Religion, Evoke Flight


You were on level 11 of the Dungeon.
You worshipped Cheibriados.
Cheibriados was most pleased with you.
You visited 2 branches of the dungeon, and saw 12 of its levels.

You collected 1976 gold pieces.

Inventory:

Hand Weapons
 a - a +0 war axe of flaming (weapon)
Missiles
 h - 16 poisoned darts (quivered)
Armour
 b - a +1 kite shield (worn)
Jewellery
 e - a ring of flight (left tentacle)
 k - a +6 ring of intelligence (right tentacle)
 o - a ring of willpower (on tentacle)
 u - a ring of poison resistance (on tentacle)
 v - an amulet of reflection (around mantle)
 y - an uncursed amulet of the acrobat
 z - a +4 ring of protection (on tentacle)
 D - an uncursed ring of positive energy
Wands
 c - a wand of digging (6)
 j - a wand of polymorph (7)
 m - a wand of flame (15)
Scrolls
 g - 9 scrolls of remove curse
 i - 6 scrolls of amnesia
 p - 2 scrolls of immolation
 t - a scroll of identify
 B - a scroll of magic mapping
Potions
 d - a potion of resistance
 f - a potion of brilliance
 n - a potion of ambrosia
 q - 3 potions of flight
 r - a potion of attraction
 w - 2 potions of curing
 x - 2 potions of mutation
 C - a potion of magic


   Skills:
 + Level 11.6 Fighting
 + Level 12.0 Axes
 + Level 8.2 Dodging
 + Level 8.2 Shields
 + Level 6.7 Invocations
 - Level 3.8 Evocations


You had 11 spell levels left.
You didn't know any spells.
Your spell library contained the following spells:

 Spells                   Type           Power        Failure   Level
 Corpse Rot               Necr/Air       N/A          43%         2
 Confusing Touch          Hex            #.......     67%         3
 Gell's Gravitas          Tloc           #.........   67%         3
 Stone Arrow              Conj/Erth      #.....       67%         3
 Petrify                  Tmut/Erth      #.......     97%         4
 Metabolic Englaciation   Hex/Ice        #.........   100%        5
 Summon Forest            Summ/Tloc      #.........   100%        5
 Yara's Violent Unravell  Hex/Tmut       #.........   100%        5
 Eringya's Noxious Bog    Tmut/Pois      #.........   100%        6
 Hydra Form               Tmut           #.........   100%        6
 Summon Hydra             Summ           #.........   100%        7


Dungeon Overview and Level Annotations

Branches:
Dungeon (11/15)            Temple (1/1) D:5            Lair (0/6) D:8
    Orc (0/2) D:11

Altars:
Ashenzari
Cheibriados
Dithmenos
Elyvilon
Fedhas
Gozag
Hepliaklqana
Kikubaaqudgha
Makhleb
Nemelex Xobeh
Okawaru
Qazlal
Ru
Sif Muna
Trog
Uskayaw
Vehumet
Wu Jian
Xom
Yredelemnul
Zin
The Shining One

Shops:
D:6 (   D:7 **   D:11 *


Innate Abilities, Weirdness & Mutations

You cannot wear most types of armour.
You are very stealthy in the water. (Stealth+)
You are amphibious.
You can wear up to eight rings at the same time.
You can use your tentacles to constrict eight enemies at once.
Your skin changes colour to match your surroundings (Stealth+).
Your rubbery body absorbs attacks. (AC +1, EV +1)
You are partially covered in yellow scales. (AC +2)
Your natural rate of healing is unusually fast.
You occasionally shout uncontrollably at your foes.


Message History

You block the seven-headed hydra's attack. x2
The seven-headed hydra bites you!
* * * LOW HITPOINT WARNING * * *
The seven-headed hydra closely misses you.
The seven-headed hydra barely misses you. x2
The seven-headed hydra bites you.
* * * LOW HITPOINT WARNING * * *
A big kobold comes into view.
It is wielding a +0 long sword of holy wrath and carrying a wand of disintegration (11).
Okay, then.
Okay, then.
Okay, then.
Evoke which item? (* to show all) (? for menu, Esc to quit)
Aiming: Paralyse
Press: ? - help, Shift-Dir - straight line, f/p - seven-headed hydra
Aim: a seven-headed hydra (moderately wounded, chance to beat Will: 23%)
The seven-headed hydra resists with almost no effort.
The now-empty wand crumbles to dust.
The seven-headed hydra bites you.
* * * LOW HITPOINT WARNING * * *
The seven-headed hydra bites you!
You die...

.$..#
#.##.##...#.#
....#
....#.....#
......#
#..)>...#
....#.#
#)....#
....#°.B ##
#H.#..###
#.### #.#
#.###†......#
#.# ...
#..#..###.##
#.# .. #.#D.#
.. #.@..# .#
#.#..#
.....#..#
##.###..# ##
#.#.....#..#
#. #
#.#.....#..#
#.#
S#...........#
..#
#.#.#K....#..#
.## #.#
.....#..#


You could see a seven-headed hydra, a manticore and a big kobold.

Vanquished Creatures
  A boulder beetle (D:11)
  A hydra (D:10)
  3 centaur warriors (D:11)
  A two-headed ogre (D:11)
  3 skeletal warriors (D:11)
  An orc knight (D:11)
  A deep elf mage (D:11)
  3 cyclopes
  3 ugly things (D:11)
  A manticore (D:8)
  Joseph (D:8)
  Maurice (D:11)
  A gargoyle (D:11)
  A yaktaur (D:11)
  A hornet (D:11)
  A tyrant leech (D:11)
  A troll (D:8)
  9 yaks
  2 wyverns
  A wraith (D:11)
  A vampire mosquito (D:11)
  An acid dragon (D:11)
  4 ice beasts
  3 orc warriors
  3 black bears
  8 sky beasts
  An eye of draining (D:11)
  8 ogres
  A phantom (D:10)
  A centaur (D:5)
  Blork the orc (D:4)
  5 bullfrogs
  A wyvern skeleton (D:10)
  4 scorpions
  5 jellies
  10 killer bees
  2 electric eels (D:6)
  11 wights
  A vampire bat (D:3)
  5 howler monkeys
  A crimson imp (D:8)
  2 centaur zombies (D:10)
  2 bullfrog zombies
  9 hounds
  4 orc priests
  8 orc wizards
  3 bullfrog skeletons
  4 centaur skeletons
  4 iguanas
  8 worker ants
  A hound zombie (D:11)
  A hound skeleton (D:8)
  A worker ant zombie (D:11)
  A gnoll (D:1)
  13 adders
  2 shadow imps (D:5)
  2 white imps
  3 ufetubi
  An ooze (D:5)
  2 adder skeletons
  3 worms
  12 dart slugs
  3 fire bats (D:3)
  10 leopard geckos
  42 orcs
  2 spectral bats (D:3)
  19 bats
  3 bat skeletons (D:3)
  A bat zombie (D:3)
  10 giant cockroaches
  6 goblins
  9 hobgoblins
  6 jackals
  3 quokkas
  A ball python (D:3)
  A bat simulacrum (D:3)
  8 frilled lizards
  A jackal skeleton (D:7)
  12 kobolds
  A quokka zombie (D:5)
  10 rats
348 creatures vanquished.

Vanquished Creatures (collateral kills)
  A wyvern (D:11)
  An orc priest (D:11)
  2 orcs (D:11)
4 creatures vanquished.

Vanquished Creatures (others)
  An adder (D:11)
  A dart slug (D:6)
  2 orcs (D:8)
4 creatures vanquished.

Grand Total: 356 creatures vanquished

Notes
Turn   | Place    | Note
-------+----------+-------------------------------------------
     0 | D:1      | Ijustatesigmund the Octopode Fighter began the quest for
                  | the Orb.
     0 | D:1      | Reached XP level 1. HP: 16/16 MP: 1/1
   164 | D:1      | Reached XP level 2. HP: 12/21 MP: 2/2
   582 | D:1      | Reached skill level 3 in Axes
   585 | D:1      | Reached XP level 3. HP: 26/26 MP: 3/3
  1240 | D:2      | Reached XP level 4. HP: 32/32 MP: 4/4
  1460 | D:2      | Reached skill level 4 in Axes
  1895 | D:2      | Reached XP level 5. HP: 37/37 MP: 5/5
  2684 | D:3      | Gained mutation: You occasionally shout uncontrollably at
                  | your foes. [potion of mutation]
  2684 | D:3      | Gained mutation: You are partially covered in yellow
                  | scales. (AC +2) [potion of mutation]
  2684 | D:3      | Gained mutation: Your natural rate of healing is unusually
                  | fast. [potion of mutation]
  2880 | D:3      | Reached skill level 5 in Axes
  2934 | D:3      | Found a glowing silver altar of Zin.
  3075 | D:3      | Reached XP level 6. HP: 43/44 MP: 6/6
  3199 | D:3      | Found a broken altar of Ashenzari.
  3290 | D:3      | Found a white marble altar of Elyvilon.
  3715 | D:4      | Reached skill level 5 in Fighting
  3715 | D:4      | Reached skill level 6 in Axes
  3715 | D:4      | Reached XP level 7. HP: 38/50 MP: 7/7
  3808 | D:4      | Noticed Blork the orc
  3815 | D:4      | Killed Blork the orc
  3834 | D:5      | Entered Level 5 of the Dungeon
  3932 | D:5      | Found a staircase to the Ecumenical Temple.
  4153 | D:5      | Found a stormy altar of Qazlal.
  4211 | D:5      | Reached skill level 7 in Axes
  4371 | D:5      | Reached XP level 8. HP: 58/58 MP: 8/8
  5054 | D:5      | Reached skill level 8 in Axes
  5360 | D:5      | Reached XP level 9. HP: 59/66 MP: 9/9
  5589 | D:4      | Reached skill level 9 in Axes
  5943 | D:4      | Found a shadowy altar of Dithmenos.
  6145 | Temple   | Entered the Ecumenical Temple
  6623 | D:6      | Found Synitwagh's Weapon Boutique.
  6728 | D:6      | Found a sacrificial altar of Ru.
  7156 | D:6      | Found a bloodstained altar of Trog.
  7198 | D:7      | Found Daadoqu's Elemental Accessories.
  7216 | D:7      | Found Eqegriph's General Store.
  7563 | D:7      | Found a hide-covered altar of Uskayaw.
  7570 | D:7      | Noticed a +0 dagger
  7570 | D:7      | Noticed a +0 dagger
  7881 | D:8      | Noticed Joseph
  7889 | D:8      | Killed Joseph
  7945 | D:7      | Reached XP level 10. HP: 73/74 MP: 10/10
  7961 | D:8      | Reached skill level 10 in Axes
  8192 | D:8      | Found a staircase to the Lair.
  8192 | D:8      | Noticed a manticore
  8318 | D:8      | Noticed a cyclops
  8325 | D:8      | Killed a cyclops
  8479 | D:8      | Killed a manticore
  8493 | D:8      | Found a hazy altar of Hepliaklqana.
  8626 | D:8      | Reached skill level 5 in Dodging
  8626 | D:8      | Reached skill level 5 in Shields
  8760 | D:8      | Found a burning altar of Makhleb.
  8761 | D:8      | Found a radiant altar of Vehumet.
  8829 | D:8      | Reached skill level 10 in Fighting
  8829 | D:8      | Reached skill level 1 in Evocations
  9183 | D:8      | Found a snail-covered altar of Cheibriados.
  9183 | D:8      | Found a shimmering altar of Xom.
  9201 | D:8      | Became a worshipper of Cheibriados the Contemplative
  9350 | D:9      | Reached skill level 1 in Invocations
  9623 | D:9      | Found a shimmering blue altar of Sif Muna.
  9876 | D:10     | Entered Level 10 of the Dungeon
  9876 | D:10     | Noticed a four-headed hydra
  9880 | D:10     | Killed a one-headed hydra
  9881 | D:10     | Reached XP level 11. HP: 81/81 MP: 12/12
 10078 | D:10     | Reached * piety under Cheibriados
 10759 | D:11     | Noticed a white ugly thing
 10761 | D:11     | Reached ** piety under Cheibriados
 10762 | D:11     | Found a staircase to the Orcish Mines.
 10766 | D:11     | Killed a white ugly thing
 10767 | D:11     | Reached skill level 11 in Axes
 10775 | D:11     | Noticed Maurice
 10782 | D:11     | Killed Maurice
 10791 | D:11     | Found Gyuteyck's Assorted Antiques.
 10798 | D:11     | Noticed a cyclops
 10834 | D:11     | Killed a cyclops
 10868 | D:11     | Identified the cursed +2 morningstar "Vusiegor" {vamp,
                  | Str+2}
 10921 | D:11     | Noticed a green ugly thing
 10923 | D:11     | Noticed a green ugly thing
 10926 | D:11     | Noticed a centaur warrior
 10926 | D:11     | Noticed a boulder beetle
 10926 | D:11     | Noticed a manticore
 10928 | D:11     | Noticed a skeletal warrior
 10929 | D:11     | Noticed a cyclops
 11059 | D:11     | Killed a centaur warrior
 11101 | D:11     | Noticed a deep elf mage
 11103 | D:11     | Noticed a centaur warrior
 11115 | D:11     | Killed a skeletal warrior
 11122 | D:11     | Killed a centaur warrior
 11135 | D:11     | Killed a deep elf mage
 11139 | D:11     | Reached skill level 5 in Invocations
 11139 | D:11     | Reached XP level 12. HP: 49/90 MP: 15/15
 11154 | D:11     | Noticed a boulder beetle
 11185 | D:11     | a boulder beetle changed into a tyrant leech
 11291 | D:11     | Reached *** piety under Cheibriados
 11434 | D:11     | Noticed a boulder beetle
 11462 | D:11     | Noticed a centaur warrior
 11469 | D:11     | Killed a centaur warrior
 11620 | D:11     | Noticed a two-headed ogre
 11628 | D:11     | Killed a two-headed ogre
 11686 | D:11     | Reached **** piety under Cheibriados
 11753 | D:11     | Noticed an eight-headed hydra
 11754 | D:11     | Killed a boulder beetle
 11755 | D:11     | Reached skill level 12 in Axes
 11766 | D:11     | HP: 4/90 [seven-headed hydra (5)]
 11766 | D:11     | Mangled by a seven-headed hydra

Illustrated notes

Levels and vault maps discovered:
D:1:      minmay_arrival_jagged, layout_loops_ring, serial_rivers,
          chequers_serial_rivers_room_a, chequers_serial_rivers_large_a,
          chequers_serial_rivers_room_a, chequers_serial_rivers_marsh,
          chequers_serial_rivers_room_b
D:2:      minmay_spotlight, layout_basic, chequers_serial_rivers_room_a
D:3:      layout_basic, marbit_many_paths, general_overflow_altar,
          lemuel_crystal_altar, goddamned_bats
D:4:      layout_basic, grunt_dithmenos_smoke, minmay_pentangle,
          uniq_blork_the_orc
D:5:      minmay_thinvault, layout_basic, lemuel_coloured_pillars_altar,
          minmay_temple_entry_fiery
D:6:      kennysheep_slugbush, layout_rooms, lemuel_crystal_altar, serial_shops,
          shop, serial_corexii_hall, corexii_hall_statues_i,
          corexii_hall_statues_x, corexii_hall_statues_deadend,
          columned_hall_lemuel, trog_butcher_becter
D:7:      layout_loops_ring, dancing_weapons_uskayaw, serial_shops, shop,
          nicolae_elemental_shop
D:8:      minmay_diamond_stairs, layout_rooms,
          grunt_temple_overflow_lords_of_destruction, old_standard_altar,
          gammafunk_temple_overflow_pools, grunt_decor_arrowhead, uniq_joseph
D:9:      layout_loops_ring, lemuel_blue_sif_altar
D:10:     layout_rooms, hex_large
D:11:     minmay_the_grid_square_5x5_5x5 [minmay_the_grid_square_5x5_inner_i,
          minmay_the_grid_square_5x5_three_walls,
          minmay_the_grid_square_5x5_broken_cross,
          minmay_the_grid_square_5x5_empty, minmay_the_grid_square_5x5_inset,
          minmay_the_grid_square_5x5_lines,
          minmay_the_grid_square_5x5_prize_open,
          minmay_the_grid_square_5x5_eight,
          minmay_the_grid_square_5x5_prize_junk,
          minmay_the_grid_square_5x5_seven,
          minmay_the_grid_square_5x5_pentomino_r,
          minmay_the_grid_square_5x5_n_small,
          minmay_the_grid_square_5x5_prize_gold,
          minmay_the_grid_square_5x5_bite,
          minmay_the_grid_square_5x5_misaligned,
          minmay_the_grid_square_5x5_moneybag,
          minmay_the_grid_square_5x5_prize_itemx,
          minmay_the_grid_square_5x5_plus,
          minmay_the_grid_square_5x5_prize_open,
          minmay_the_grid_square_5x5_longway, minmay_the_grid_square_5x5_fat_x,
          minmay_the_grid_square_5x5_spiral_small,
          minmay_the_grid_square_5x5_tetrominoes,
          minmay_the_grid_square_5x5_comb, minmay_the_grid_square_5x5_empty],
          layout_basic, orc_0_dummy, serial_shops, shop, nrook_mini_backslash,
          uniq_maurice
Temple:   nicolae_temple_figure_zero

Skill      XL: |  1  2  3  4  5  6  7  8  9 10 11 12 |
---------------+-------------------------------------+-----
Axes           | 3 4 5 6 7 8 9 10 11 12 | 12.0
Fighting       | 4 5 6 8 9 10 11 | 11.6
Shields        | 4 5 7 8 |  8.2
Dodging        | 4 5 7 8 |  8.2
Evocations     | 2 3 |  3.8
Invocations    | 2 5 6 |  6.7

Action                   |  1- 3 |  4- 6 |  7- 9 | 10-12 || total
-------------------------+-------+-------+-------+-------++-------
Melee: War axe           |    72 |   112 |   250 |   458 ||   892
       Constrict         |    25 |    31 |    47 |    63 ||   166
       Tentacles         |    12 |    27 |    43 |   159 ||   241
Throw: Dart              |       |       |     9 |    13 ||    22
Invok: Slouch            |       |       |       |     1 ||     1
Evoke: Wand              |       |       |     1 |    12 ||    13
  Use: Scroll            |     3 |     4 |     8 |    11 ||    26
       Potion            |       |     3 |     2 |    13 ||    18
 Stab: Sleeping          |     6 |    10 |    13 |     3 ||    32
       Distracted        |       |       |     2 |       ||     2
       Paralysed         |       |       |     1 |     2 ||     3
Armor: Skin              |     4 |    30 |    45 |    36 ||   115
Dodge: Dodged            |    32 |    52 |    91 |   186 ||   361
Block: Kite shield       |    40 |    62 |   124 |   296 ||   522
       Reflection        |       |       |       |    10 ||    10

Table legend: (Time is in decaauts)
 A = Elapsed time spent in this place.
 B = Non-inter-level travel time spent in this place.
 C = Inter-level travel time spent in this place.
 D = Time resting spent in this place.
 E = Time spent auto-exploring this place.
 F = Levels seen in this place.
 G = Mean time per level.
                   A        B        C        D        E       F      G
               +--------+--------+--------+--------+--------+-----+--------+
         Total |  12464 |  11880 |    584 |   1962 |   7267 |  12 | 1038.7 |
       Dungeon |  12346 |  11773 |    573 |   1962 |   7160 |  11 | 1122.4 |
        Temple |    117 |    107 |     10 |      0 |    107 |   1 |  117.0 |
               +--------+--------+--------+--------+--------+-----+--------+

Top non-repeatable levels by time:
     D:5: 1992 daAuts
     D:2: 1620 daAuts
    D:10: 1183 daAuts
     D:3: 1094 daAuts
    D:11: 1086 daAuts
     D:7: 1041 daAuts
     D:8: 1016 daAuts
     D:1: 987 daAuts
     D:4: 861 daAuts
     D:9: 822 daAuts
     D:6: 638 daAuts
  Temple: 117 daAuts
